 Dungeon Crawl Stone Soup version 0.22.0-49-gab54619 (webtiles) character file.

146 suicidejoker the Sneak (level 5, -8/36 HPs)
             Began as an Octopode Monk on Sept 3, 2018.
             Mangled by an orc
             ... wielding a +0 flail
              (11 damage)
             ... on level 3 of the Dungeon.
             The game lasted 00:05:09 (2286 turns).

suicidejoker the Sneak (Octopode Monk)              Turns: 2286, Time: 00:05:10

Health: -8/36      AC:  1    Str: 11    XL:     5   Next: 28%
Magic:  5/5        EV: 14    Int: 13    God:
Gold:   127        SH:  0    Dex: 14    Spells: 4/4 levels left

rFire    + . .     SeeInvis .     - Unarmed
rCold    + . .     Gourm    +   (no shield)
rNeg     . . .     Faith    .   (helmet restricted)
rPois    +         Spirit   .   e - amulet of the gourmand
rElec    +         Reflect  .   (no ring)
rCorr    +         Harm     .   (no ring)
MR       .....                  (no ring)
Stlth    ++........             (no ring)
HPRegen  0.12/turn              (no ring)
MPRegen  0.09/turn              (no ring)
                                (no ring)
                                (no ring)

@: confused, resistant
A: almost no armour, stealthy swim, amphibious, 8 rings, constrict 8, camouflage
1, gelatinous body 1
a: no special abilities


You were on level 3 of the Dungeon.
You were not hungry.

You visited 1 branch of the dungeon, and saw 3 of its levels.

You collected 127 gold pieces.

Inventory:

Hand Weapons
 b - a +0 dagger of venom
 g - a +1 hand axe of chopping
Missiles
 h - 5 javelins (quivered)
Jewellery
 e - an amulet of the gourmand (around mantle)
 i - an uncursed amulet of the acrobat {unknown}
Wands
 k - a wand of clouds (7)
Scrolls
 d - a scroll of remove curse {unknown}
Potions
 f - a potion of magic
 j - a potion of resistance
Comestibles
 a - 5 rations


   Skills:
 + Level 3.5 Fighting
 - Level 0.2 Short Blades
 + Level 3.5 Dodging
 * Level 4.8 Stealth
 * Level 4.1 Unarmed Combat


You had 4 spell levels left.
You didn't know any spells.
Your spell library was empty.

Dungeon Overview and Level Annotations

Branches:
Dungeon (3/15)

Altars:


Innate Abilities, Weirdness & Mutations

You cannot wear most types of armour.
You are very stealthy in the water. (Stealth+)
You are amphibious.
You can wear up to eight rings at the same time.
You can use your tentacles to constrict eight enemies at once.
Your skin changes colour to match your surroundings (Stealth+).
Your rubbery body absorbs attacks. (AC +1, EV +1)


Message History

The orc hits you with a flail.
* * * LOW HITPOINT WARNING * * *
The orc barely misses you.
It was a potion of heal wounds.
You feel much better. The orc wizard closely misses you.
The orc barely misses you. x2
You tentacle-slap the orc. You squeeze the orc, but do no damage.
The orc is severely wounded.
The orc wizard hits you but does no damage.
The orc barely misses you.
You closely miss the orc wizard.
The orc wizard hits you with a dagger of protection.
The orc hits you with a flail.
You bump into the rock wall.
The orc hits you with a flail!
* * * LOW HITPOINT WARNING * * *
The orc wizard closely misses you. The orc closely misses you.
You bump into the rock wall.
The orc wizard completely misses you. The orc hits you with a flail.
* * * LOW HITPOINT WARNING * * *
The orc hits you with a flail!
You die...

#..?....# # #.......#
####### #.......# #..@...
#.......# #.#####
#.......############)#####
#...>........g..@..(.b....
#............K............
#.......##################
#.......o@....<..# #
#######.oo.......##### #
#.....(........# #
#..............# #
#..............# #
#....?....†...%# #
#..............#
#..............#
#..............#####


You could see an orc wizard and 2 orcs.

Vanquished Creatures
  Jessica (D:3)
  4 adders
  2 oozes (D:1)
  2 worms (D:2)
  3 dart slugs
  3 leopard geckos
  An orc (D:3)
  6 bats
  A giant cockroach (D:1)
  7 goblins
  10 hobgoblins
  A quokka (D:3)
  A ball python (D:1)
  10 frilled lizards
  7 kobolds
  5 rats
64 creatures vanquished.

Notes
Turn   | Place    | Note
-------+----------+-------------------------------------------
     0 | D:1      | suicidejoker the Octopode Monk began the quest for the Orb.
     0 | D:1      | Reached XP level 1. HP: 16/16 MP: 1/1
   175 | D:1      | Reached XP level 2. HP: 17/21 MP: 2/2
   450 | D:1      | Reached XP level 3. HP: 26/26 MP: 3/3
  1191 | D:2      | Reached XP level 4. HP: 15/31 MP: 4/4
  2076 | D:3      | Noticed Jessica
  2137 | D:3      | Killed Jessica
  2137 | D:3      | Reached XP level 5. HP: 35/36 MP: 5/5
  2286 | D:3      | Mangled by an orc

Skill      XL: |  1  2  3  4 |
---------------+-------------+-----
Stealth        | 3 4 |  4.8
Unarmed Combat | 4 |  4.1
Fighting       | |  3.5
Short Blades   | |  0.2
Dodging        | |  3.5

Action                   |  1- 3 |  4- 6 || total
-------------------------+-------+-------++-------
Melee: Unarmed           |    70 |    66 ||   136
       Constrict         |    20 |    15 ||    35
       Dagger            |     8 |       ||     8
       Punch             |     4 |       ||     4
       Tentacles         |    14 |     5 ||    19
  Use: Scroll            |       |     4 ||     4
       Potion            |       |     3 ||     3
 Stab: Sleeping          |    10 |     8 ||    18
  Eat: Chunk             |       |     4 ||     4
Armor: Skin              |     8 |     5 ||    13
Dodge: Dodged            |    34 |    52 ||    86
